3R
GREENPORT HARBOR WHALES @ AMARILLO SUBMARINOS
07/21/2038
 
TOP OF THE 1ST
Greenport Harbor Whales batting - Pitching for Amarillo Submarinos : RHP Héctor Salazar
Pitching: RHP Héctor Salazar
Batting: RHB Kazuki Takahashi 0-0: Fly out, F3 (Popup, 3SF, EV 76.2 MPH)
Batting: LHB Kyung-ryul Kim 0-0: Called Strike
0-1: Called Strike
0-2: Ball
1-2: Ball
2-2: Foul Ball, location: 2F
2-2: Fly out, F9 (Flyball, 89S, EV 78.1 MPH)
Batting: LHB Damon Cross 0-0: Ball
1-0: Called Strike
1-1: Ball
2-1: Ball
3-1: Base on Balls
Batting: LHB Ronald Lithgoe 0-0: Called Strike
0-1: Swinging Strike
0-2: Foul Ball, location: 2F
0-2: Ball
1-2: Ball
2-2: Strikes out looking
Top of the 1st over - 0 runs, 0 hits, 0 errors, 1 left on base; Greenport 0 - Amarillo 0
BOTTOM OF THE 1ST
Amarillo Submarinos batting - Pitching for Greenport Harbor Whales : RHP José Gómez
Pitching: RHP José Gómez
Batting: SHB Aubrey Magee 0-0: Called Strike
0-1: Ball
1-1: Foul Ball, location: 2F
1-2: SINGLE (Flyball, 89M, EV 95.6 MPH)
Batting: RHB Franck Morel 0-0: Foul Ball, location: 2F
0-1: SINGLE (Groundball, 34D, EV 105.6 MPH)
Aubrey Magee to second
Runner from 2nd tries for 3rd, SAFE, throw by RF made to third
Batting: LHB Rafael Abasto 0-0: Foul Ball, location: 2F
0-1: Called Strike
0-2: Strikes out swinging
Batting: RHB Luke Crawford 0-0: Ball
1-0: Called Strike
1-1: Called Strike
1-2: Strikes out looking
Batting: RHB Ryan Blonke 0-0: Fly out, F8 (Flyball, 8LXD, EV 104.4 MPH)
Bottom of the 1st over - 0 runs, 2 hits, 0 errors, 2 left on base; Greenport 0 - Amarillo 0
TOP OF THE 2ND
Greenport Harbor Whales batting - Pitching for Amarillo Submarinos : RHP Héctor Salazar
Batting: RHB De-wei Chi 0-0: Called Strike
0-1: Fly out, F7 (Flyball, 7, EV 94.4 MPH)
Batting: RHB Ben Russell 0-0: Swinging Strike
0-1: Foul Ball, location: 2F
0-2: Ball
1-2: Ball
2-2: Strikes out swinging
Batting: RHB Mark Quaintance 0-0: Called Strike
0-1: Ball
1-1: Foul Ball, location: 2F
1-2: Strikes out swinging
Top of the 2nd over - 0 runs, 0 hits, 0 errors, 0 left on base; Greenport 0 - Amarillo 0
BOTTOM OF THE 2ND
Amarillo Submarinos batting - Pitching for Greenport Harbor Whales : RHP José Gómez
Batting: RHB Ed Tinker 0-0: Foul Ball, location: 2F
0-1: Fly out, F8 (Line Drive, 8LM, EV 100.0 MPH)
Batting: RHB Román García 0-0: Swinging Strike
0-1: Foul Ball, location: 2F
0-2: Fly out, F4 (Line Drive, 4, EV 65.6 MPH)
Batting: RHB Roberto Guerrero 0-0: Ground out 4-3 (Groundball, 4M, EV 90.0 MPH)
Bottom of the 2nd over - 0 runs, 0 hits, 0 errors, 0 left on base; Greenport 0 - Amarillo 0
TOP OF THE 3RD
Greenport Harbor Whales batting - Pitching for Amarillo Submarinos : RHP Héctor Salazar
Batting: RHB Jerry Simmons 0-0: Called Strike
0-1: Ball
1-1: Ball
2-1: Fly out, F9 (Flyball, 9, EV 88.1 MPH)
Batting: RHB Jacob James 0-0: Ball
1-0: Swinging Strike
1-1: Ball
2-1: Called Strike
2-2: Foul Ball, location: 2F
2-2: Strikes out swinging
Batting: RHB Kazuki Takahashi 0-0: Called Strike
0-1: SINGLE (Line Drive, 9S, EV 88.1 MPH)
Batting: LHB Kyung-ryul Kim 0-0: Ball
1-0: Ball
Kazuki Takahashi steals 2nd base
2-0: Ground out 5-3 (Groundball, 56, EV 101.2 MPH)
Top of the 3rd over - 0 runs, 1 hit, 0 errors, 1 left on base; Greenport 0 - Amarillo 0
BOTTOM OF THE 3RD
Amarillo Submarinos batting - Pitching for Greenport Harbor Whales : RHP José Gómez
Batting: RHB Royce Coffman 0-0: Ball
1-0: Called Strike
1-1: Hit by Pitch
Batting: SHB Aubrey Magee 0-0: Called Strike
0-1: Foul Ball, location: 2F
0-2: Ball
1-2: Strikes out swinging
Batting: RHB Franck Morel 0-0: Ball
1-0: Swinging Strike
1-1: Ball
2-1: Ball
3-1: Called Strike
3-2: Strikes out swinging
Batting: LHB Rafael Abasto 0-0: Called Strike
0-1: Called Strike
0-2: Strikes out swinging
Bottom of the 3rd over - 0 runs, 0 hits, 0 errors, 1 left on base; Greenport 0 - Amarillo 0
TOP OF THE 4TH
Greenport Harbor Whales batting - Pitching for Amarillo Submarinos : RHP Héctor Salazar
Batting: LHB Damon Cross 0-0: Swinging Strike
0-1: Foul Ball, location: 2F
0-2: Foul Ball, location: 2F
0-2: Ball
1-2: Ball
2-2: Ball
3-2: Fly out, F8 (Flyball, 8LD, EV 85.6 MPH)
Batting: LHB Ronald Lithgoe 0-0: Ball
1-0: Foul Ball, location: 2F
1-1: Ball
2-1: SINGLE (Groundball, 4MD, EV 102.5 MPH)
Batting: RHB De-wei Chi 0-0: Ball
1-0: Swinging Strike
1-1: Called Strike
1-2: Foul Ball, location: 2F
1-2: Strikes out swinging
Batting: RHB Ben Russell 0-0: Called Strike
Ronald Lithgoe steals 2nd base
0-1: Ball
1-1: Ball
2-1: SINGLE (Groundball, 56, EV 101.2 MPH) (infield hit)
Ronald Lithgoe to third
Batting: RHB Mark Quaintance 0-0: Ball
Ben Russell steals 2nd base
1-0: Swinging Strike
1-1: Foul Ball, location: 2F
1-2: Ground out 5-3 (Groundball, 56, EV 76.9 MPH)
Top of the 4th over - 0 runs, 2 hits, 0 errors, 2 left on base; Greenport 0 - Amarillo 0
BOTTOM OF THE 4TH
Amarillo Submarinos batting - Pitching for Greenport Harbor Whales : RHP José Gómez
Batting: RHB Luke Crawford 0-0: Ball
1-0: Swinging Strike
1-1: Foul Ball, location: 2F
1-2: Strikes out swinging
Batting: RHB Ryan Blonke 0-0: Ball
1-0: Ball
2-0: Fly out, F3 (Popup, 3L, EV 61.2 MPH)
Batting: RHB Ed Tinker 0-0: Foul Ball, location: 2F
0-1: Ball
1-1: Ball
2-1: Foul Ball, location: 2F
2-2: Ball
3-2: Strikes out swinging
Bottom of the 4th over - 0 runs, 0 hits, 0 errors, 0 left on base; Greenport 0 - Amarillo 0
TOP OF THE 5TH
Greenport Harbor Whales batting - Pitching for Amarillo Submarinos : RHP Héctor Salazar
Batting: RHB Jerry Simmons 0-0: Ball
1-0: Called Strike
1-1: Ground out U3 (Groundball, 3S, EV 80.6 MPH)
Batting: RHB Jacob James 0-0: Ball
1-0: Called Strike
1-1: Foul Ball, location: 2F
1-2: Strikes out looking
Batting: RHB Kazuki Takahashi 0-0: Foul Ball, location: 2F
0-1: Ground out 6-3 (Groundball, 6, EV 97.5 MPH)
Top of the 5th over - 0 runs, 0 hits, 0 errors, 0 left on base; Greenport 0 - Amarillo 0
BOTTOM OF THE 5TH
Amarillo Submarinos batting - Pitching for Greenport Harbor Whales : RHP José Gómez
Batting: RHB Román García 0-0: Called Strike
0-1: Hit by Pitch
Batting: RHB Roberto Guerrero 0-0: Ball
1-0: Swinging Strike
1-1: Ball
2-1: SINGLE (Groundball, 6MD, EV 94.4 MPH)
Román García to second
Batting: RHB Royce Coffman 0-0: Bunted foul
0-1: Bunted foul
0-2: Foul Ball, location: 2F
0-2: Ball
1-2: Foul Ball, location: 2F
1-2: Ball
2-2: Foul Ball, location: 2F
2-2: 3-RUN HOME RUN (Line Drive, 9LD, EV 103.8 MPH), Distance : 336 ft
Batting: SHB Aubrey Magee 0-0: Ball
1-0: Swinging Strike
1-1: Foul Ball, location: 2F
1-2: Ball
2-2: Fly out, F6 (Line Drive, 6, EV 73.8 MPH)
Batting: RHB Franck Morel 0-0: Foul Ball, location: 2F
0-1: Ball
1-1: Fly out, F7 (Flyball, 7LSF, EV 96.2 MPH)
Batting: LHB Rafael Abasto 0-0: Fly out, F4 (Line Drive, 4, EV 70.6 MPH)
Bottom of the 5th over - 3 runs, 2 hits, 0 errors, 0 left on base; Greenport 0 - Amarillo 3
TOP OF THE 6TH
Greenport Harbor Whales batting - Pitching for Amarillo Submarinos : RHP Héctor Salazar
Batting: LHB Kyung-ryul Kim 0-0: Called Strike
0-1: Ball
1-1: Swinging Strike
1-2: Ball
2-2: Fly out, F9 (Flyball, 89D, EV 95.6 MPH)
Pitching: LHP Juan Lune
Batting: LHB Damon Cross 0-0: Foul Ball, location: 2F
0-1: Called Strike
0-2: Ball
1-2: Ball
2-2: Strikes out swinging
Batting: LHB Ronald Lithgoe 0-0: Ball
1-0: Swinging Strike
1-1: Swinging Strike
1-2: Ball
2-2: Strikes out looking
Top of the 6th over - 0 runs, 0 hits, 0 errors, 0 left on base; Greenport 0 - Amarillo 3
BOTTOM OF THE 6TH
Amarillo Submarinos batting - Pitching for Greenport Harbor Whales : RHP José Gómez
Batting: RHB Luke Crawford 0-0: Ball
1-0: Ball
2-0: Called Strike
2-1: Ball
3-1: Ground out 6-3 (Groundball, 6, EV 103.1 MPH)
Batting: RHB Ryan Blonke 0-0: Called Strike
0-1: Swinging Strike
0-2: Ground out 4-3 (Groundball, 4M, EV 104.4 MPH)
Batting: RHB Ed Tinker 0-0: Foul Ball, location: 2F
0-1: Ball
1-1: Ball
2-1: Ball
3-1: Foul Ball, location: 2F
3-2: SINGLE (Flyball, 78M, EV 93.1 MPH)
Batting: RHB Román García 0-0: Ball
1-0: Ball
2-0: Called Strike
2-1: Foul Ball, location: 2F
2-2: Strikes out looking
Bottom of the 6th over - 0 runs, 1 hit, 0 errors, 1 left on base; Greenport 0 - Amarillo 3
TOP OF THE 7TH
Greenport Harbor Whales batting - Pitching for Amarillo Submarinos : LHP Juan Lune
Batting: RHB De-wei Chi 0-0: Called Strike
0-1: Ball
1-1: Hit by Pitch
Batting: RHB Ben Russell 0-0: Ball
1-0: SINGLE (Line Drive, 8LS, EV 99.4 MPH)
De-wei Chi to second
Batting: RHB Mark Quaintance 0-0: Bunted foul
0-1: Sac Bunt to 23 - play at first, batter OUT! 3-4
De-wei Chi to third
Ben Russell to second
Batting: RHB Jerry Simmons 0-0: 3-RUN HOME RUN (Flyball, 7LD, EV 104.4 MPH), Distance : 351 ft
Batting: RHB Jacob James 0-0: Ball
1-0: Ground out 6-3 (Groundball, 6, EV 81.2 MPH)
Batting: RHB Kazuki Takahashi 0-0: Ball
1-0: Fly out, F9 (Flyball, 89D, EV 81.2 MPH)
Top of the 7th over - 3 runs, 2 hits, 0 errors, 0 left on base; Greenport 3 - Amarillo 3
BOTTOM OF THE 7TH
Amarillo Submarinos batting - Pitching for Greenport Harbor Whales : RHP José Gómez
Batting: RHB Roberto Guerrero 0-0: Ball
1-0: Foul Ball, location: 2F
1-1: Swinging Strike
1-2: Ground out 4-3 (Groundball, 34, EV 80.0 MPH)
Batting: RHB Royce Coffman 0-0: Foul Ball, location: 2F
0-1: Foul Ball, location: 2F
0-2: Foul Ball, location: 2F
0-2: Foul Ball, location: 2F
0-2: Ball
1-2: Ball
2-2: Fly out, F9 (Flyball, 9S, EV 78.1 MPH)
Batting: SHB Aubrey Magee 0-0: Foul Ball, location: 2F
0-1: Ball
1-1: Fly out, F8 (Flyball, 8LD, EV 108.8 MPH)
Bottom of the 7th over - 0 runs, 0 hits, 0 errors, 0 left on base; Greenport 3 - Amarillo 3
TOP OF THE 8TH
Greenport Harbor Whales batting - Pitching for Amarillo Submarinos : LHP Juan Lune
Pitching: RHP Kelvin Bowen
Batting: LHB Kyung-ryul Kim 0-0: Foul Ball, location: 2F
0-1: Swinging Strike
0-2: Ball
1-2: Ball
2-2: Strikes out looking
Batting: LHB Damon Cross 0-0: Swinging Strike
0-1: Called Strike
0-2: Ball
1-2: Ball
2-2: Strikes out looking
Batting: LHB Ronald Lithgoe 0-0: DOUBLE (Flyball, 8RXD, EV 89.4 MPH)
Batting: RHB De-wei Chi 0-0: Ball
1-0: Called Strike
1-1: Ball
2-1: SINGLE (Flyball, 8LS, EV 86.9 MPH)
Ronald Lithgoe to third
Runner from 3rd tries for Home, SAFE, throw by CF to home
Batting: RHB Ben Russell 0-0: Swinging Strike
0-1: Ball
1-1: Foul Ball, location: 2F
1-2: Foul Ball, location: 2F
1-2: Ball
2-2: Foul Ball, location: 2F
2-2: Foul Ball, location: 2F
2-2: Foul Ball, location: 2F
2-2: Foul Ball, location: 2F
2-2: Foul Ball, location: 2F
2-2: Foul Ball, location: 2F
2-2: Strikes out swinging
Top of the 8th over - 1 run, 2 hits, 0 errors, 1 left on base; Greenport 4 - Amarillo 3
BOTTOM OF THE 8TH
Amarillo Submarinos batting - Pitching for Greenport Harbor Whales : RHP José Gómez
Pitching: RHP Luis Medina
Now at 2B: Germán López
Batting: RHB Franck Morel 0-0: Called Strike
0-1: Swinging Strike
0-2: Ball
1-2: Ball
2-2: SINGLE (Line Drive, 9S, EV 93.8 MPH)
Batting: LHB Rafael Abasto 0-0: Foul Ball, location: 2F
0-1: Ball
1-1: Swinging Strike
1-2: Fielders Choice at 2nd, 4-6 (Groundball, 4, EV 85.0 MPH)
Batting: RHB Luke Crawford 0-0: Ball
1-0: Ball
2-0: Ball
3-0: Called Strike
3-1: Fielders Choice at 2nd, 2-6 (Groundball, 13S, EV 70.0 MPH)
Batting: RHB Ryan Blonke 0-0: Foul Ball, location: 2F
0-1: Swinging Strike
0-2: Ball
1-2: Strikes out swinging
Bottom of the 8th over - 0 runs, 1 hit, 0 errors, 1 left on base; Greenport 4 - Amarillo 3
TOP OF THE 9TH
Greenport Harbor Whales batting - Pitching for Amarillo Submarinos : RHP Kelvin Bowen
Batting: RHB Mark Quaintance 0-0: Ball
1-0: Ball
2-0: Ball
3-0: Called Strike
3-1: Foul Ball, location: 2F
3-2: Strikes out swinging
Batting: RHB Jerry Simmons 0-0: Swinging Strike
0-1: Called Strike
0-2: Ball
1-2: Foul Ball, location: 2F
1-2: Strikes out looking
Batting: RHB Jacob James 0-0: Ball
1-0: Called Strike
1-1: Foul Ball, location: 2F
1-2: Strikes out swinging
Top of the 9th over - 0 runs, 0 hits, 0 errors, 0 left on base; Greenport 4 - Amarillo 3
BOTTOM OF THE 9TH
Amarillo Submarinos batting - Pitching for Greenport Harbor Whales : RHP Luis Medina
Now in LF: Lucky Foote
Batting: RHB Ed Tinker 0-0: Ball
1-0: Ball
2-0: Ground out 1-3 (Groundball, P, EV 84.4 MPH)
Pinch Hitting: RHB Jorge Esparza 0-0: Called Strike
0-1: Called Strike
0-2: Strikes out swinging
Pinch Hitting: LHB Max Sinclair 0-0: SOLO HOME RUN (Flyball, 9D, EV 92.5 MPH), Distance : 384 ft
Batting: RHB Royce Coffman 0-0: Ball
1-0: Foul Ball, location: 2F
1-1: Foul Ball, location: 2F
1-2: Ball
2-2: Foul Ball, location: 2F
2-2: Ball
3-2: Strikes out swinging
Bottom of the 9th over - 1 run, 1 hit, 0 errors, 0 left on base; Greenport 4 - Amarillo 4
TOP OF THE 10TH
Greenport Harbor Whales batting - Pitching for Amarillo Submarinos : RHP Kelvin Bowen
Pitching: RHP Donovan Poe
Now at 2B: Jorge Esparza
Now in CF: Max Sinclair
Batting: SHB Lucky Foote 0-0: Called Strike
0-1: Foul Ball, location: 2F
0-2: Strikes out looking
Batting: LHB Kyung-ryul Kim 0-0: Ground out 6-3 (Groundball, 56, EV 99.4 MPH)
Batting: LHB Damon Cross 0-0: Foul Ball, location: 2F
0-1: Foul Ball, location: 2F
0-2: Ball
1-2: Ball
2-2: Ball
3-2: SOLO HOME RUN (Flyball, 78XD, EV 101.2 MPH), Distance : 409 ft
Batting: LHB Ronald Lithgoe 0-0: Swinging Strike
0-1: Foul Ball, location: 2F
0-2: Ball
1-2: Ball
2-2: Hit by Pitch
Batting: RHB De-wei Chi 0-0: Ball
1-0: Foul Ball, location: 2F
1-1: Ball
2-1: Ball
3-1: Base on Balls
Ronald Lithgoe to second
Batting: SHB Germán López 0-0: Ball
1-0: Called Strike
1-1: Ball
2-1: Foul Ball, location: 2F
2-2: Ball
3-2: Foul Ball, location: 2F
3-2: Base on Balls
Ronald Lithgoe to third
De-wei Chi to second
Batting: RHB Mark Quaintance 0-0: Ball
1-0: Ball
2-0: Called Strike
2-1: Swinging Strike
2-2: Strikes out swinging
Top of the 10th over - 1 run, 1 hit, 0 errors, 3 left on base; Greenport 5 - Amarillo 4
BOTTOM OF THE 10TH
Amarillo Submarinos batting - Pitching for Greenport Harbor Whales : RHP Luis Medina
Batting: SHB Aubrey Magee 0-0: Swinging Strike
0-1: SINGLE (Line Drive, 4MD, EV 94.4 MPH)
Batting: RHB Franck Morel 0-0: Called Strike
0-1: Ball
1-1: Called Strike
1-2: Fly out, F8 (Flyball, 8RS, EV 88.8 MPH)
Batting: LHB Rafael Abasto 0-0: Ball
1-0: SINGLE (Line Drive, 34D, EV 94.4 MPH)
Aubrey Magee to second
Runner from 2nd tries for 3rd, SAFE, throw by RF made to third
Pitching: LHP Luis Asturias
Batting: RHB Luke Crawford 0-0: Ball
1-0: Ball
2-0: Ball
3-0: Base on Balls
Rafael Abasto to second
Batting: RHB Ryan Blonke 0-0: Reached on error, E6 (Groundball, 6, EV 90.0 MPH)
Aubrey Magee scores
Rafael Abasto to third
Luke Crawford to second
Batting: RHB Ed Tinker 0-0: Swinging Strike
0-1: Foul Ball, location: 2F
0-2: Foul Ball, location: 2F
0-2: Ball
1-2: Ball
2-2: Strikes out looking
Batting: RHB Jorge Esparza 0-0: Ball
Balk!
Rafael Abasto scores
Friday, April 17th, 2020 - OOTP Baseball 20.8 Build 74